 Dungeon Crawl Stone Soup version 0.22-a0-348-gd16d1391c7 (webtiles) character file.

196 Laan the Chopper (level 6, 0/47 HPs)
             Began as a Formicid Fighter on Apr 9, 2018.
             Slain by Duvessa
             ... wielding a +0 short sword
              (1 damage)
             ... on level 4 of the Dungeon.
             The game lasted 00:04:06 (2194 turns).

Laan the Chopper (Formicid Fighter)                 Turns: 2194, Time: 00:04:07

Health: 0/47       AC: 11    Str: 21 (23) XL:     6   Next: 4%
Magic:  6/6        EV: 10    Int:  6 (7)  God:
Gold:   154        SH:  9    Dex: 14 (15) Spells: 5/5 levels left

rFire    . . .     SeeInvis +   a - +0 war axe
rCold    . . .     Gourm    .   c - +0 shield
rNeg     . . .     Faith    .   b - +0 chain mail
rPois    .         Spirit   .   (helmet unavailable)
rElec    .         Reflect  .   d - +1 cloak
rCorr    .         Harm     .   (no gloves)
MR       .....                  (no boots)
Stlth    ..........             (no amulet)
HPRegen  0.15/turn              (no ring)
MPRegen  0.10/turn              (no ring)

@: agile, lethally poisoned (0 -> -16), flying
A: permanent stasis, dig shafts and tunnels, four strong arms, antennae 3
a: Dig, Shaft Self


You were on level 4 of the Dungeon.
You were not hungry.

You visited 1 branch of the dungeon, and saw 4 of its levels.

You collected 154 gold pieces.

Inventory:

Hand Weapons
 a - a +0 war axe (weapon)
Armour
 b - a +0 chain mail (worn)
 c - a +0 shield (worn)
 d - a +1 cloak (worn)
Wands
 m - a wand of polymorph (8)
Scrolls
 e - a scroll of magic mapping {unknown}
 h - a scroll of amnesia {unknown}
 j - a scroll of identify {unknown}
Potions
 i - 2 potions of magic
 k - a potion of flight
Comestibles
 f - 7 rations


   Skills:
 - Level 3.2 Fighting
 + Level 5.8 Axes
 - Level 3.2 Armour
 - Level 3.6 Shields


You had 5 spell levels left.
You didn't know any spells.

Dungeon Overview and Level Annotations

Branches:
Dungeon (4/15)
 Temple: D:4-7

Altars:
Gozag
Makhleb

Shops:
D:2 *

Annotations:
D:4 Dowan, Duvessa


Innate Abilities, Weirdness & Mutations

You cannot be hasted, slowed, berserked, paralysed or teleported.
You can dig through walls and to a lower floor.
Your four strong arms can wield two-handed weapons with a shield.
You have a pair of large antennae on your head. (SInv)


Message History

Your shield prevents you from hitting the leopard gecko.
You hit Duvessa.
* * * LOW HITPOINT WARNING * * *
You feel sick.
The orc wizard points at you and mumbles some strange words.
The puff of flame misses you. You block Duvessa's attack.
The leopard gecko closely misses you.
The orc priest calls down the wrath of Beogh upon you.
Beogh smites you!
* * * LOW HITPOINT WARNING * * *
You block Duvessa's attack.
You barely miss Duvessa.
Duvessa is lightly wounded.
You barely miss the orc wizard. You miss the leopard gecko.
* * * LOW HITPOINT WARNING * * *
You feel sick. The orc wizard closely misses you.
You block the leopard gecko's attack.
The orc wizard hits you but does no damage.
Duvessa hits you with a short sword.
You die...

.. ..# #.# #.#
#.# #.# ####.#
#@o..##.#
......le#.....#
......eo#.#####
........#.####
........#....#
#######.####.#
#.#....#
#.#....#
#......#


You could see Duvessa, Dowan, an orc priest, an orc wizard (invisible) and a
leopard gecko.

Vanquished Creatures
  2 orc wizards
  Crazy Yiuf (D:2)
  Natasha (D:2)
  3 adders (D:3)
  An ooze (D:3)
  A worm (D:2)
  7 leopard geckos
  3 orcs (D:3)
  A giant cockroach (D:1)
  7 hobgoblins
  5 kobolds
  A ball python (D:3)
  2 bats (D:3)
  5 frilled lizards
  4 goblins
  5 rats
49 creatures vanquished.

Notes
Turn   | Place    | Note
-------+----------+-------------------------------------------
     0 | D:1      | Laan the Formicid Fighter began the quest for the Orb.
     0 | D:1      | Reached XP level 1. HP: 18/18 MP: 1/1
   159 | D:1      | Reached XP level 2. HP: 23/24 MP: 2/2
   548 | D:1      | Reached skill level 3 in Axes
   842 | D:1      | Reached XP level 3. HP: 29/29 MP: 3/3
   927 | D:2      | Found an opulent altar of Gozag.
   929 | D:2      | Found Gozag's Platinum Reserve.
  1363 | D:2      | Found a runed door.
  1381 | D:2      | Noticed Crazy Yiuf
  1385 | D:2      | Killed Crazy Yiuf
  1385 | D:2      | Reached skill level 4 in Axes
  1385 | D:2      | Reached XP level 4. HP: 35/35 MP: 4/4
  1510 | D:2      | Noticed Natasha
  1529 | D:2      | Killed Natasha
  1664 | D:3      | Found a burning altar of Makhleb.
  1668 | D:3      | Reached XP level 5. HP: 41/41 MP: 5/5
  1767 | D:3      | Reached skill level 5 in Axes
  2180 | D:4      | Noticed Duvessa
  2182 | D:4      | Noticed Dowan
  2193 | D:4      | Reached XP level 6. HP: 14/47 MP: 6/6
  2193 | D:4      | HP: 2/47 [orc priest/divine providence (10)]
  2194 | D:4      | Slain by Duvessa

Vault maps used:
D:1:      minmay_arrival_checkered_box
D:2:      nicolae_gozag_zags_fifth_avenue, uniq_crazy_yiuf_cottage, uniq_natasha
D:3:      bloody_makhleb, first_ration, minmay_misc_feat_x
D:4:      cheibrodos_old_hovel, grunt_temple_overflow_open, uniq_duvessa

Skill      XL: |  1  2  3  4  5 |
---------------+----------------+-----
Axes           | 3 4 5 |  5.8
Fighting       | |  3.2
Armour         | |  3.2
Shields        | |  3.6

Action                   |  1- 3 |  4- 6 || total
-------------------------+-------+-------++-------
Melee: War axe           |    76 |    72 ||   148
  Use: Potion            |     1 |     4 ||     5
       Scroll            |       |     1 ||     1
  Eat: Chunk             |     2 |     2 ||     4
Armor: Scale mail        |    12 |    16 ||    28
       Chain mail        |       |    26 ||    26
Dodge: Dodged            |    15 |    27 ||    42
Block: Shield            |    37 |    52 ||    89

Table legend:
 A = Spawn XP
 B = Non-spawn XP
 C = Spawn XP percentage of total XP
 D = Spawn monster count
 E = Non-spawn monster count
 F = Spawn count percentage of total count
 G = Total turns spent on level
                    A         B        C        D         E        F      G
               +---------+---------+-------+---------+---------+-------+---------
         Total |       0 |     281 |   0.0 |       0 |      49 |   0.0 |  2194
               +---------+---------+-------+---------+---------+-------+---------
           D:1 |       0 |      29 |   0.0 |       0 |      17 |   0.0 |   890
           D:2 |       0 |     104 |   0.0 |       0 |      14 |   0.0 |   772
           D:3 |       0 |     107 |   0.0 |       0 |      16 |   0.0 |   473
           D:4 |       0 |      41 |   0.0 |       0 |       2 |   0.0 |    59
               +---------+---------+-------+---------+---------+-------+---------
